 Dungeon Crawl Stone Soup version 0.19.0-11-g3fc08b3 (webtiles) character file.

0 Gargoyl the Skirmisher (level 1, -5/18 HPs)
             Began as a Demonspawn Abyssal Knight on Nov 9, 2016.
             Was a Follower of Lugonu.
             Slain by a naga
             ... wielding a +0 trident
             ... summoned by a worldbinder
              (14 damage)
             ... on level 2 of the Abyss.
             The game lasted 00:00:16 (93 turns).

Gargoyl the Skirmisher (Demonspawn Abyssal Knight)    Turns: 93, Time: 00:00:17

Health: -5/18      AC:  3    Str:  8      XL:     1   Next: 0%
Magic:  2/2        EV:  8    Int:  9      God:    Lugonu [*.....]
Gold:   0          SH:  0    Dex: 11 (12) Spells: 0 memorised, 0 levels left

rFire  . . .     SeeInvis .     a - +1 hand axe
rCold  . . .     Gourm    .     b - +0 leather armour
rNeg   . . .     Faith    .     (no shield)
rPois  .         Spirit   .     (no helmet)
rElec  .         Reflect  .     (no cloak)
rCorr  .         Harm     .     (no gloves)
MR     .....     Rnd*Rage +     (no boots)
Stlth  +.........               (no amulet)
                                (no ring)
                                (no ring)

@: constricted
A: berserk 2, deterioration 2, dopey 2, low mp 2, weak 2
a: Depart the Abyss, Renounce Religion


You were on level 2 of the Abyss.
You worshipped Lugonu.
Lugonu was aware of your devotion.
You were not hungry.

You visited 0 branches of the dungeon, and saw 0 of its levels.
You visited the Abyss 1 time.

Inventory:

Hand Weapons
 a - a +1 hand axe (weapon)
Armour
 b - a +0 leather armour (worn)
Potions
 e - a potion of brilliance {unknown}
Books
 d - a book of Ice

   Spells                             Type                      Level
   a - Ice Form                       Ice/Transmutation            4
   b - Metabolic Englaciation         Hexes/Ice                    5
   c - Ozocubu's Refrigeration        Ice                          6
   d - Bolt of Cold                   Conjuration/Ice              6
   e - Freezing Cloud                 Conjuration/Ice/Air          6
   f - Simulacrum                     Ice/Necromancy               6
Comestibles
 c - a bread ration
 f - a meat ration


   Skills:
 + Level 3.0 Fighting
 + Level 1.7 Axes
 + Level 1.7 Armour
 + Level 0.8 Dodging
 + Level 2.4 Invocations


You couldn't memorise any spells.
You didn't know any spells.

Dungeon Overview and Level Annotations

Branches:
Dungeon (0/15)

Altars:


Innate Abilities, Weirdness & Mutations

[You often lose your temper in combat.]
[Your body often deteriorates upon taking damage.]
[You are very dopey. (Int -4)]
[Your magical capacity is very low. (-20% MP)]
[You are very weak. (Str -4)]


Message History

The wretched star pulses with an eldritch light!
You feel less energetic. x2; You feel stupid. x2
A tentacle flies out from the starspawn's body!
A starspawn tentacle comes into view.
The wretched star pulses with an eldritch light!
You feel a little pissed off.
You feel angry.
You feel yourself wasting away.
You feel your body start to fall apart.
Tentacles burst from the starspawn's body!
The wretched star pulses with an eldritch light!
You feel weaker. x2 2 starspawn tentacles come into view.
The worldbinder calls forth creatures from the Snake Pit!
The starspawn tentacle grabs you.
Your body deteriorates!
You feel clumsy. The starspawn tentacle constricts you.
You escape the starspawn tentacle's grasp.
The starspawn tentacle grabs you. The starspawn tentacle constricts you.
The naga hits you with a trident!
Ouch! That really hurt!
You die...

..........#. .#.. ....
#......##......##.#
....##......##....#.#..
.................#. #..
...................#.##.
...........─X.....##...§
.........──/........#.*w
........w──S.....##... .
.......@wx.*.....#...#.#
$...##..N...##....# #...
. ##...S.##.#.#.#§.N#
#.##.####....##..#.
#.#.## #####.##. # ##.#
## . #.# #.# . .. ...


You could see a tentacled starspawn, a wretched star, a mana viper, a
worldbinder, a black mamba, a naga and 2 starspawn tentacles.

Vanquished Creatures (others)
  4 starspawn tentacles (Abyss:2)
4 creatures vanquished.

Notes
Turn   | Place    | Note
-------+----------+-------------------------------------------
     0 | Abyss:1  | Gargoyl the Demonspawn Abyssal Knight began the quest for the Orb.
     0 | Abyss:1  | Reached XP level 1. HP: 18/18 MP: 2/2
     4 | Abyss:1  | Found a corrupted altar of Lugonu.
    66 | Abyss:2  | Noticed a starcursed mass
    72 | Abyss:2  | Noticed a tentacled starspawn
    77 | Abyss:2  | Noticed a worldbinder
    78 | Abyss:2  | Noticed a wretched star
    84 | Abyss:2  | Noticed a naga
    93 | Abyss:2  | Noticed a naga
    93 | Abyss:2  | Noticed a black mamba
    93 | Abyss:2  | Noticed a mana viper
    93 | Abyss:2  | Slain by a naga

Action                   || total
-------------------------++-------
Melee: Hand axe          ||     1
Dodge: Dodged            ||     1
